[Event "European Amateur Chess-ch 2022"]
[Site "Zagreb"]
[Date "2022.08.15"]
[Round "2.12"]
[White "Havas, Janko"]
[Black "Pal, Rohan"]
[Result "1-0"]
[ECO "D02"]
[WhiteElo "2143"]
[BlackElo "1935"]
[Annotator "TA"]
[PlyCount "85"]
[EventDate "2022.08.14"]
[EventCountry "CRO"]
[SourceTitle "playchess.com"]
[Source "ChessBase"]
[SourceQuality "1"]
[TimeControl "40/5400+30:1800+30"]

1. d4 d5 2. Bf4 Nf6 3. e3 e6 4. Nd2 Bd6 5. Bg3 c5 6. c3 Qc7 7. Ngf3 Nbd7 8. Bd3 O-O 9. e4 {D02: 1 d4 d5 2 Nf3 sidelines, including 2...Nf6 3 g3 and 2...Nf6 3 Bf4.} cxd4 10. cxd4 {[#] And now e5 would win.} dxe4 11. Bxe4 {Black is slightly better.} Nxe4 12. Nxe4 Bb4+ 13. Ned2 {[#] Pair of Knights!} Qc4 $146 ({Predecessor:} 13... Qa5 14. O-O Nf6 15. Nc4 Qd5 16. Ne3 Qa5 17. Nc4 Qd8 18. Qb3 Be7 19. Rac1 b6 {0-1 (36) Menezes,C (2400)-Bacrot,E (2718) Karlsruhe 2018}) 14. a3 Bxd2+ 15. Qxd2 Nf6 (15... b6 $5 16. Rc1 Qb5 $15) 16. Rc1 Qd5 17. Be5 Qe4+ 18. Qe3 Qg6 19. Nh4 Qh5 20. Bxf6 gxf6 21. Nf3 b6 22. Qf4 Bb7 23. Qxf6 Bxf3 (23... Qg6 $14 24. Qf4 (24. Qxg6+ fxg6 25. Ke2 Rf4 $11) 24... f6) 24. gxf3 $16 (24. Qxf3 Qxf3 25. gxf3 Kg7 $14) 24... Qg6 {Inhibits Rg1.} 25. Qf4 $36 {[%mdl 2048] White is more active.} Rac8 26. Kd2 Rxc1 27. Rxc1 {[%mdl 4096] Endgame KQR-KQR} Rd8 28. Rc7 Rd5 29. Ke2 ({White should try} 29. Rxa7 $16 {Hoping for Ra6.} e5 30. Qg3 (30. Ra8+ Kg7 $16)) 29... e5 (29... Kg7 $11) 30. Qg3 Rb5 31. Qxg6+ ({Of course not} 31. Rxa7 $6 Rxb2+ 32. Kf1 Qxg3 33. hxg3 exd4 $11) (31. b4 $16) 31... hxg6 {KR-KR} 32. b4 ({Reject} 32. Rxa7 Rxb2+ 33. Ke1 exd4 $11) 32... a5 33. Rc4 Kg7 34. Kd3 (34. a4 $5 Rd5 35. dxe5 $14) 34... Kf6 $2 (34... exd4 $11 35. Rxd4 (35. Kxd4 Rh5 $14) 35... axb4 36. Rxb4 Rf5) 35. dxe5+ $2 (35. Rc6+ $18 Ke7 36. Kc4) 35... Kxe5 $11 36. a4 Rd5+ 37. Ke3 b5 $2 (37... Kd6 $11) 38. Re4+ $18 Kd6 (38... Kf6 {was worth a try.}) 39. bxa5 {aiming for Rd4.} b4 $2 {[#]} (39... Kc6 40. a6 b4 41. Rxb4 Ra5) 40. Rd4 $1 {White is clearly winning.} Kc5 41. Rxd5+ Kxd5 42. Kd3 Kc5 43. Kc2 {Weighted Error Value: White=0.48/Black=0.39} 1-0

[Event "European Amateur Chess-ch 2022"]
[Site "Zagreb"]
[Date "2022.08.15"]
[Round "2.13"]
[White "Gal, Andrej"]
[Black "Gal, Moshe"]
[Result "0-1"]
[ECO "A57"]
[WhiteElo "1878"]
[BlackElo "2111"]
[Annotator "TA"]
[PlyCount "74"]
[EventDate "2022.08.14"]
[EventCountry "CRO"]
[SourceTitle "playchess.com"]
[Source "ChessBase"]
[SourceQuality "1"]
[TimeControl "40/5400+30:1800+30"]

1. d4 Nf6 2. c4 c5 3. d5 b5 4. cxb5 a6 5. b6 e6 6. Nc3 Nxd5 7. Nxd5 exd5 8. Qxd5 Nc6 9. Bg5 Qxb6 {A57: Benko/Volga Gambit.} 10. O-O-O (10. Qe4+ $11 Be7 11. Bxe7 Nxe7 12. Qxa8) 10... Rb8 $17 11. Rd2 (11. b3 $17 {keeps fighting.}) 11... d6 $1 $19 {[%cal Bd7d6,Bd6d5][%mdl 32] [#] Threatens to win with ...Be6. Black is clearly better.} 12. g3 $146 (12. Nf3 {was worth a try.}) ({Predecessor:} 12. b3 Be6 13. Qe4 d5 14. Rxd5 c4 15. Qxc4 Ba3+ 16. Kb1 O-O 17. e4 Bxd5 18. exd5 Nb4 19. Bd3 Rbc8 20. Qe4 Nxd3 21. Qxd3 Qf6 {0-1 (21) Cvorovic,D (2425)-Horvath,C (2500) Mravinci 1995}) 12... Be6 13. Qe4 h6 14. Be3 d5 15. Qa4 Bd6 16. Bf4 $2 (16. Bh3 O-O 17. Bxe6 fxe6 18. Nf3) 16... Bxf4 17. gxf4 O-O 18. e3 c4 {[%cal Oc4c3] Strongly threatening ...c3!} 19. Ne2 Rfc8 20. Qa3 c3 21. Nxc3 d4 22. exd4 Nxd4 23. Bd3 Nb5 24. Bxb5 axb5 25. Rd6 Qb7 {Hoping for ...b4.} 26. Rg1 b4 {[%mdl 64] Pin, Deflection, Double Attack} 27. Qa5 bxc3 28. b3 {[#]} Qe4 (28... Bxb3 $142 $1 29. Qe5 f6 30. Rxf6 Bxa2) 29. Qe5 Qxe5 30. fxe5 Rc5 {aiming for ...Ra8.} 31. f4 Rb4 32. Rf1 Bf5 33. Rd8+ Kh7 {( -> ...Ra5)} 34. Rf8 {[#]} Rc7 (34... Rxb3 $142 $3 35. axb3 Ra5) 35. h4 Rd4 {Black mates.} 36. a4 Rd2 37. Rf3 Ra2 {Black took control after the opening.  Weighted Error Value: White=1.44/Black=0.59} 0-1

[Event "European Amateur Chess-ch 2022"]
[Site "Zagreb"]
[Date "2022.08.15"]
[Round "2.14"]
[White "Horvat, Damjan"]
[Black "Grgantov, Marin"]
[Result "0-1"]
[ECO "D02"]
[WhiteElo "2072"]
[BlackElo "2048"]
[Annotator "NA RC"]
[PlyCount "120"]
[EventDate "2022.08.14"]
[EventCountry "CRO"]
[SourceTitle "playchess.com"]
[Source "ChessBase"]
[SourceQuality "1"]
[TimeControl "40/5400+30:1800+30"]

1. d4 Nf6 2. Nf3 d5 3. Bf4 c5 4. c3 Nc6 5. e3 Qb6 6. Qb3 c4 7. Qc2 Bf5 8. Qc1 e6 9. Be2 Be7 10. Bd1 O-O 11. Bc2 Ne4 12. Nbd2 Qd8 13. O-O g5 14. Bg3 h5 15. h3 Nxg3 16. fxg3 Bxc2 17. Qxc2 g4 18. hxg4 hxg4 19. Nh2 f5 20. Nxg4 Bd6 21. Nh6+ Kg7 22. Nxf5+ exf5 23. Rxf5 Qe7 24. Nf1 Qe6 25. g4 Ne7 26. Rg5+ Kf6 27. Rh5 Qxg4 28. Rh6+ Ng6 29. Nh2 Bxh2+ 30. Rxh2 Kg7 31. b3 b5 32. bxc4 bxc4 33. Rb1 Rf7 34. Rh3 Raf8 35. Re1 Re7 36. Kh2 Ref7 37. Re2 Rh8 38. Rf2 Rxh3+ 39. gxh3 Qe6 40. Rg2 Rf1 41. Rg3 Qf5 42. Qxf5 Rxf5 43. Kg2 Kf6 44. Rg4 Rg5 45. Kf3 Rxg4 46. Kxg4 Ne7 47. Kf4 Ng6+ 48. Kg4 a5 49. h4 Ne7 50. Kf4 Nf5 51. e4 Nxh4 52. exd5 Nf5 53. d6 Nxd6 54. d5 Ke7 55. Ke5 Nb5 56. a3 Kd7 57. d6 Kc6 58. d7 Kxd7 59. Kd5 Nxa3 60. Kc5 Kc7 0-1

[Event "European Amateur Chess-ch 2022"]
[Site "Zagreb"]
[Date "2022.08.15"]
[Round "2.15"]
[White "Prihoda, Leonardo"]
[Black "Vucenovic, Damian"]
[Result "1/2-1/2"]
[ECO "D61"]
[WhiteElo "1995"]
[BlackElo "2053"]
[Annotator "NA RC"]
[PlyCount "71"]
[EventDate "2022.08.14"]
[EventCountry "CRO"]
[SourceTitle "playchess.com"]
[Source "ChessBase"]
[SourceQuality "1"]
[TimeControl "40/5400+30:1800+30"]

1. d4 d5 2. Nf3 Nf6 3. c4 e6 4. Nc3 c6 5. Bg5 Be7 6. e3 O-O 7. Qc2 Nbd7 8. Bd3 Re8 9. O-O Nf8 10. Ne5 dxc4 11. Bxc4 Nd5 12. Bxe7 Qxe7 13. Ne4 Ng6 14. Nxg6 hxg6 15. Nd2 b6 16. Bxd5 cxd5 17. Nf3 g5 18. h3 a5 19. Rfc1 Ba6 20. Qc7 Qxc7 21. Rxc7 f6 22. Rac1 Rac8 23. Nd2 Rxc7 24. Rxc7 Rc8 25. Rxc8+ Bxc8 26. f3 Kf7 27. Kf2 Ba6 28. Kg3 Bd3 29. h4 gxh4+ 30. Kxh4 Kg6 31. g4 e5 32. f4 e4 33. f5+ Kh6 34. Nb3 Bc4 35. Nc1 b5 36. b3 1/2-1/2

[Event "European Amateur Chess-ch 2022"]
[Site "Zagreb"]
[Date "2022.08.15"]
[Round "2.16"]
[White "Vanden Bussche, Steven"]
[Black "Krikunov, Dmitry"]
[Result "1/2-1/2"]
[ECO "D00"]
[WhiteElo "2026"]
[BlackElo "2202"]
[Annotator "TA"]
[PlyCount "86"]
[EventDate "2022.08.14"]
[EventCountry "CRO"]
[SourceTitle "playchess.com"]
[Source "ChessBase"]
[SourceQuality "1"]
[TimeControl "40/5400+30:1800+30"]

1. d4 Nf6 2. Bf4 d5 3. e3 Bf5 4. c3 e6 5. Qb3 Qc8 6. Nd2 {D00: 1 d4 d5: Unusual lines.} Be7 7. Ngf3 O-O 8. Be2 Nbd7 9. O-O c5 10. c4 {[#]} Qc6 $146 ({Predecessor:} 10... cxd4 11. exd4 Qd8 12. c5 Ne4 13. Rfd1 b6 14. Nxe4 Bxe4 15. c6 Nf6 16. c7 Qc8 {1-0 (26) Dahl,M (1942)-Gronn,E (1665) Oslo 2018}) 11. cxd5 exd5 12. dxc5 Nxc5 13. Qd1 {aiming for Nd4.} Ne6 14. Be5 Rac8 15. Nb3 {[#] Black must now prevent Nfd4.} Bc2 16. Qe1 Qa4 17. Bd1 Nd7 (17... Bg6 $11) 18. Bc3 (18. Bxc2 $1 $14 {deserves consideration.} Rxc2 19. Bc3) 18... Bxd1 $11 19. Qxd1 Bf6 20. Qxd5 Bxc3 21. bxc3 Qc6 22. Qxc6 Rxc6 23. Na5 Rc7 24. Nd4 b6 25. Nab3 Rxc3 26. Nb5 Rc2 27. Rfc1 Rxc1+ 28. Rxc1 Ndc5 29. Nxa7 Ra8 30. Nb5 Rxa2 31. Nxc5 bxc5 {[%mdl 4096] Endgame KRN-KRN} 32. Nc3 Ra5 33. Kf1 Kf8 34. Ke2 Ke7 35. Rd1 Nc7 36. Rd2 Ra3 37. Ne4 Ne6 38. f4 g6 39. g4 f5 40. gxf5 gxf5 41. Nd6 (41. Ng3 $1 $14) 41... Nd4+ {The position is equal.} 42. exd4 Kxd6 43. dxc5+ Kxc5 {Weighted Error Value: White=0.08 (flawless) /Black=0.10 (very precise)} 1/2-1/2

[Event "European Amateur Chess-ch 2022"]
[Site "Zagreb"]
[Date "2022.08.15"]
[Round "2.17"]
[White "Franc, Borna"]
[Black "Cvitkovic, Filip"]
[Result "1/2-1/2"]
[ECO "B21"]
[WhiteElo "2020"]
[BlackElo "2164"]
[Annotator "TA"]
[PlyCount "103"]
[EventDate "2022.08.14"]
[EventCountry "CRO"]
[SourceTitle "playchess.com"]
[Source "ChessBase"]
[SourceQuality "1"]
[TimeControl "40/5400+30:1800+30"]

1. e4 c5 2. d4 cxd4 3. c3 dxc3 4. Nxc3 Nc6 5. Bc4 e6 6. Nf3 a6 7. O-O Bc5 8. e5 {B21: Sicilian: 2 f4 and Morra Gambit.} d5 {Prevents Ne4.} 9. exd6 $1 Bxd6 10. Ne4 Be7 11. Qe2 Nf6 {[#]} 12. Rd1 $146 ({Predecessor:} 12. Bf4 Nd4 13. Qd3 Nxf3+ 14. Qxf3 Nxe4 15. Qxe4 O-O 16. Rfd1 Qb6 17. Be5 Qc6 18. Qg4 {1-0 (24) Siva,M (2349)-Nurmanova,A (2240) Chess.com INT 2022}) 12... Qc7 13. Bg5 Nxe4 14. Qxe4 Ne5 {[#]} 15. Bxe7 {White is much more active. The black rooks are badly placed.} (15. Nxe5 $6 Bxg5 16. Bd3 Bf6 17. Qa4+ Bd7 18. Nxd7 Qxd7 $11) (15. Qxe5 Qxe5 16. Nxe5 Bxg5 $15) (15. Rac1 $1 $16 Nc6 16. Bf4) 15... Nxf3+ $11 16. Qxf3 Qxe7 17. Bb3 O-O 18. Rac1 a5 19. Qg3 a4 20. Bc2 g6 (20... e5 {keeps more tension.} 21. Rd5 a3 22. bxa3 Be6) 21. h4 Qf6 22. h5 Qxb2 23. hxg6 hxg6 24. Be4 ({White should play} 24. Bxg6 $11 Qg7 25. Bxf7+ Rxf7 26. Rd8+ Rf8 27. Qd6) 24... Qf6 $1 $15 (24... Qxa2 25. Bxg6 fxg6 26. Qxg6+ Kh8 27. Qh5+ Kg8 28. Qg5+ Kh8 29. Qh4+ Kg8 30. Qg3+ Kh8 31. Rc7) 25. Rc7 {[#]} (25. Rd3 $15) 25... Kg7 (25... e5 $1 $17 {Strongly threatening ...Rb8.} 26. a3 Be6) 26. Rdc1 (26. Bxg6 $1 $11 Qxg6 27. Qe5+ Qf6 28. Qg3+ Qg6 29. Qe5+ Qf6 30. Qg3+ Qg6) 26... e5 27. Bxg6 Qxg6 28. Qxe5+ Qf6 (28... Kg8 $17 {And now ...Bh3 would win.} 29. R7c3 Bg4) 29. Qg3+ $11 Kh8 (29... Qg6 $11 {remains equal.} 30. Qe5+ Kg8) 30. R7c5 $16 {White threatens Rh5+ and mate.} Bf5 (30... Qh6 $16 {is a better defense.}) 31. Qf4 $18 Ra6 {Hoping for ...Bg6.} 32. Rxf5 Qg7 33. Rh5+ ({Don't take} 33. Rg5 $6 Rg6 34. Rh5+ Kg8 $16) 33... Kg8 34. Rg5 ({White should try} 34. Rcc5 $18) 34... Rg6 $16 35. Rxg6 fxg6 36. Qxa4 {[%mdl 4096] Endgame KQR-KQR} Qf6 37. Qb3+ Rf7 38. Rc8+ Kg7 39. Qc3 ({Reject} 39. Qh3 $6 Qxf2+ 40. Kh1 Qf1+ 41. Kh2 Qf4+ 42. Qg3 (42. Kh1 Qf1+ 43. Kh2 Qf4+ 44. Qg3 Qd4 $11) 42... Qd4 $11) 39... Qxc3 40. Rxc3 $14 {KR-KR} Rd7 41. g3 Rd2 42. Rc7+ Kf6 43. Rxb7 Rxa2 44. Kg2 Ra3 45. Rb5 Rc3 46. g4 g5 {The position is equal.} 47. Rf5+ Kg6 48. Ra5 Rc6 49. Kg3 Rc3+ 50. f3 Rc2 51. Ra6+ Kg7 52. Ra5 {Blacks defense is rewarded with a draw.  Weighted Error Value: White=0.20 (precise) /Black=0.26 (precise)} 1/2-1/2

[Event "European Amateur Chess-ch 2022"]
[Site "Zagreb"]
[Date "2022.08.15"]
[Round "2.18"]
[White "Peric, Bernard"]
[Black "Draganic, Stjepan"]
[Result "1/2-1/2"]
[ECO "A59"]
[WhiteElo "2112"]
[BlackElo "2025"]
[Annotator "TA"]
[PlyCount "119"]
[EventDate "2022.08.14"]
[EventCountry "CRO"]
[SourceTitle "playchess.com"]
[Source "ChessBase"]
[SourceQuality "1"]
[TimeControl "40/5400+30:1800+30"]

1. d4 Nf6 2. c4 c5 3. d5 b5 4. cxb5 a6 5. bxa6 d6 6. Nc3 Bxa6 7. e4 Bxf1 8. Kxf1 Nbd7 9. g3 g6 10. Kg2 Bg7 11. f4 O-O 12. Nf3 Qb6 {A59: Benko/Volga Gambit: White castles by hand.} 13. Qe2 (13. Re1 $14) 13... Ne8 14. e5 Nc7 {[#]} 15. Rd1 $146 ({Predecessor:} 15. h4 e6 16. dxe6 Nxe6 17. Nd5 Qb7 18. Ne7+ Kh8 19. h5 g5 20. h6 Bxe5 21. fxe5 {0-1 (29) Perkampus,L (2086)-Graf,L (1984) Playchess.com INT 2020}) 15... Rfb8 16. b3 Qa6 17. Qxa6 Rxa6 18. Re1 ({Better is} 18. Be3 $11) 18... Rxb3 $15 19. axb3 Rxa1 20. exd6 exd6 21. Ne4 (21. Re7 $142 Rxc1 22. Ne4) 21... Nb5 ({Not} 21... Nxd5 22. Nxd6 Bc3 23. Bd2 $11) (21... Ra6 $142 22. Nfd2 f5) 22. Bd2 (22. g4 $17) 22... Ra2 $19 23. Kh3 h6 {White must now prevent ...f5.} 24. g4 Nb6 $1 25. Rd1 Rb2 26. Ba5 Nd7 (26... Rxb3 $19 {has better winning chances.} 27. Ned2 Rb2 $1 28. Bxb6 Nc3) 27. Rd3 Nf6 (27... Re2 $17 28. Ng3 Ra2) 28. Ned2 (28. Nxf6+ $15 Bxf6 29. Nd2) 28... h5 29. gxh5 ({Only move:} 29. g5 $15 Ng4 30. Kg3) 29... Nxh5 30. Re3 Nxf4+ 31. Kg4 Nxd5 32. Re8+ Bf8 {Threatens to win with ...Nf6+.} 33. Rb8 Nbc3 34. Bd8 (34. Bxc3 $142 Nxc3 35. h4) 34... Kg7 35. Bg5 $2 (35. Rb7) 35... f5+ 36. Kh4 Be7 37. Rb7 Kf8 {Strongly threatening ...Ne4.} 38. Rb8+ {[#]} Kf7 $1 {aiming for ...Ne4.} 39. Rb7 Ke6 40. Bxe7 Nxe7 41. Ng5+ Kd5 42. Nc4 Rxh2+ 43. Kg3 Rh5 44. Nh3 Ne4+ 45. Kg2 Rh7 46. Nf4+ Kd4 47. Ne2+ Kd3 48. Nf4+ Kc3 49. Ne3 Kd4 50. Nc4 d5 (50... g5 $142 51. Ng6 {[#]} Nxg6 $1 52. Rxh7 f4) 51. Na5 $2 (51. Ne2+ Kd3 52. Nf4+ Kc3 53. Nxd5+ Nxd5 54. Rxh7) 51... g5 $2 ({Black should play} 51... Rh4 $19 52. Nh3 Nc8) 52. Rxe7 $1 $11 {[%mdl 64] And now Nc6+ would win. Remove Defender, Decoy. The position is equal.} Rxe7 {[%mdl 4096] Endgame KRN-KNN} 53. Nc6+ {Pair of Knights!} Kc3 54. Nxd5+ Kxb3 55. Ncxe7 Nd6 56. Kf3 c4 57. Kg3 c3 58. Nxc3 f4+ 59. Kg4 Kxc3 60. Nd5+ {Whites escaped into a draw.  Weighted Error Value: White=0.54/Black=0.40} 1/2-1/2

[Event "European Amateur Chess-ch 2022"]
[Site "Zagreb"]
[Date "2022.08.15"]
[Round "2.19"]
[White "Maravic, Ivan"]
[Black "Lasic, Luka"]
[Result "1-0"]
[ECO "A57"]
[WhiteElo "2009"]
[BlackElo "2077"]
[Annotator "NA RC"]
[PlyCount "77"]
[EventDate "2022.08.14"]
[EventCountry "CRO"]
[SourceTitle "playchess.com"]
[Source "ChessBase"]
[SourceQuality "1"]
[TimeControl "40/5400+30:1800+30"]

1. d4 Nf6 2. c4 c5 3. d5 b5 4. cxb5 a6 5. e3 e6 6. Nc3 Bb7 7. e4 axb5 8. Bxb5 Qa5 9. Qe2 Be7 10. Bd2 Qb6 11. dxe6 fxe6 12. Nf3 O-O 13. O-O Nc6 14. e5 Nd5 15. Nxd5 exd5 16. b3 Rxf3 17. Bxc6 Rff8 18. Bxb7 Qxb7 19. f4 d6 20. Bc3 Rae8 21. exd6 Bxd6 22. Be5 Rf6 23. Qh5 g6 24. Qh6 Bxe5 25. fxe5 Rfe6 26. Rae1 Qe7 27. Qc1 Kg7 28. Re2 Qc7 29. Qf4 d4 30. Re4 Qa7 31. a4 Qb8 32. Qf7+ Kh8 33. Rh4 h5 34. Rf5 Rxe5 35. Qf6+ Kh7 36. Qf7+ Kh6 37. Rhxh5+ gxh5 38. Qxh5+ Kg7 39. Rf7+ 1-0

[Event "European Amateur Chess-ch 2022"]
[Site "Zagreb"]
[Date "2022.08.15"]
[Round "2.20"]
[White "Janiszewski, Maciej"]
[Black "Raljic, Mirko"]
[Result "1/2-1/2"]
[ECO "C45"]
[WhiteElo "2075"]
[BlackElo "2023"]
[Annotator "NA RC"]
[PlyCount "66"]
[EventDate "2022.08.14"]
[EventCountry "CRO"]
[SourceTitle "playchess.com"]
[Source "ChessBase"]
[SourceQuality "1"]
[TimeControl "40/5400+30:1800+30"]

1. e4 e5 2. Nf3 Nc6 3. d4 exd4 4. Nxd4 Bc5 5. Nb3 Bb6 6. Qe2 d6 7. Be3 Nf6 8. Nc3 Qe7 9. O-O-O Be6 10. h3 O-O-O 11. f4 Bxb3 12. axb3 Nxe4 13. Bxb6 Nxc3 14. Qxe7 Nxe7 15. Re1 axb6 16. Rxe7 Nd5 17. Rxf7 Rd7 18. Rxd7 Kxd7 19. g3 Re8 20. Kd2 c6 21. Bd3 h6 22. Bf5+ Kc7 23. Bg6 Re7 24. f5 Nf6 25. Rg1 b5 26. g4 Ne4+ 27. Kc1 d5 28. h4 Kd6 29. g5 hxg5 30. hxg5 Ke5 31. Re1 Kd6 32. Rg1 Ke5 33. Re1 Kd6 1/2-1/2

[Event "European Amateur Chess-ch 2022"]
[Site "Zagreb"]
[Date "2022.08.15"]
[Round "2.21"]
[White "Okrosa, Marijan"]
[Black "Korov, Zvonko"]
[Result "0-1"]
[ECO "E14"]
[WhiteElo "2059"]
[BlackElo "2015"]
[Annotator "NA RC"]
[PlyCount "78"]
[EventDate "2022.08.14"]
[EventCountry "CRO"]
[SourceTitle "playchess.com"]
[Source "ChessBase"]
[SourceQuality "1"]
[TimeControl "40/5400+30:1800+30"]

1. d4 Nf6 2. Nf3 e6 3. e3 b6 4. Bd3 Bb7 5. O-O Be7 6. c4 Ne4 7. Nfd2 f5 8. f3 Nxd2 9. Bxd2 O-O 10. e4 fxe4 11. fxe4 Nc6 12. Bc3 Nb4 13. Bxb4 Bxb4 14. a3 Be7 15. e5 Rxf1+ 16. Kxf1 Qf8+ 17. Kg1 Qf4 18. Bf1 Rf8 19. Nc3 Qf2+ 20. Kh1 Qxb2 21. Ne2 Be4 22. Ng3 Bg6 23. a4 a5 24. Be2 Bb4 25. h4 Bc3 26. Rc1 Bxd4 27. h5 Be3 28. hxg6 Qxc1 29. gxh7+ Kxh7 30. Qxc1 Bxc1 31. c5 Bf4 32. Ne4 bxc5 33. Nxc5 Rf7 34. Nb3 Bxe5 35. Nxa5 c6 36. Nc4 Bb8 37. a5 d5 38. Nb6 e5 39. a6 e4 0-1

[Event "European Amateur Chess-ch 2022"]
[Site "Zagreb"]
[Date "2022.08.15"]
[Round "2.22"]
[White "Kanizaj, Benjamin"]
[Black "Green, Michael"]
[Result "0-1"]
[ECO "B12"]
[WhiteElo "2050"]
[BlackElo "1997"]
[Annotator "NA RC"]
[PlyCount "78"]
[EventDate "2022.08.14"]
[EventCountry "CRO"]
[SourceTitle "playchess.com"]
[Source "ChessBase"]
[SourceQuality "1"]
[TimeControl "40/5400+30:1800+30"]

1. e4 c6 2. d4 d5 3. e5 Bf5 4. Nf3 e6 5. Be2 c5 6. O-O Ne7 7. c4 Nbc6 8. Nc3 dxc4 9. dxc5 Nd5 10. Nxd5 Qxd5 11. Qa4 Bd3 12. Bxd3 cxd3 13. b4 Be7 14. Bd2 O-O 15. Rfe1 a5 16. b5 Nb4 17. Bxb4 axb4 18. Qxb4 Bxc5 19. Qd2 Ra3 20. Reb1 b6 21. h3 h6 22. Rb2 Rfa8 23. Kh2 Bd4 24. Nxd4 Qxd4 25. Re1 Rd8 26. Rb4 Qc5 27. Rg4 Kf8 28. Qf4 d2 29. Rxg7 Qc7 30. Rd1 Kxg7 31. Qg4+ Kh7 32. Qb4 Rad3 33. Qe4+ f5 34. Qh4 Qxe5+ 35. f4 Qg7 36. Qf2 Rg8 37. Qe2 Qd4 38. Qxe6 Qxf4+ 39. Kh1 Rxh3+ 0-1

[Event "European Amateur Chess-ch 2022"]
[Site "Zagreb"]
[Date "2022.08.15"]
[Round "2.23"]
[White "Takac, Zvonko"]
[Black "Tomic, Stjepan"]
[Result "0-1"]
[ECO "D31"]
[WhiteElo "2040"]
[BlackElo "1990"]
[Annotator "NA RC"]
[PlyCount "111"]
[EventDate "2022.08.14"]
[EventCountry "CRO"]
[SourceTitle "playchess.com"]
[Source "ChessBase"]
[SourceQuality "1"]
[TimeControl "40/5400+30:1800+30"]

1. Nf3 d5 2. d4 c6 3. c4 e6 4. Nc3 dxc4 5. a4 Bb4 6. e3 b5 7. Ne5 Nf6 8. axb5 cxb5 9. Qf3 Qd5 10. Be2 Bb7 11. O-O Bxc3 12. bxc3 Qxf3 13. gxf3 Nbd7 14. Nxd7 Kxd7 15. e4 Rhc8 16. Be3 a6 17. Rfd1 Ke8 18. Bf1 Kf8 19. Bf4 Kg8 20. Bh3 Re8 21. Bd6 Bc8 22. Re1 h6 23. f4 Bd7 24. Bg2 Bc6 25. Be5 Nd7 26. Bd6 Nb6 27. Bc7 Na4 28. Re3 Rac8 29. Ba5 Bd7 30. Ra2 f6 31. Bf3 Kf7 32. Rd2 g6 33. h4 h5 34. Kf1 Kg8 35. d5 exd5 36. Rxd5 Bh3+ 37. Ke1 Nc5 38. Be2 Be6 39. Rd6 Kg7 40. Bb4 a5 41. Bxc5 Rxc5 42. f5 Bc8 43. fxg6 b4 44. Rd4 Be6 45. Kd2 b3 46. f4 a4 47. f5 a3 48. Kc1 a2 49. Kb2 Ra8 50. Rd1 Rca5 51. Ra1 Rd8 52. Bd3 cxd3 53. fxe6 d2 54. e7 d1=Q 55. Rxd1 Rxd1 56. Kxb3 0-1

[Event "European Amateur Chess-ch 2022"]
[Site "Zagreb"]
[Date "2022.08.15"]
[Round "2.24"]
[White "Baric, Marko"]
[Black "Mesko, Andrej"]
[Result "1/2-1/2"]
[ECO "B12"]
[WhiteElo "1948"]
[BlackElo "2033"]
[Annotator "NA RC"]
[PlyCount "81"]
[EventDate "2022.08.14"]
[EventCountry "CRO"]
[SourceTitle "playchess.com"]
[Source "ChessBase"]
[SourceQuality "1"]
[TimeControl "40/5400+30:1800+30"]

1. e4 c6 2. d4 d5 3. e5 c5 4. dxc5 Nc6 5. Nf3 Bg4 6. c3 e6 7. Be3 Bxf3 8. Qxf3 Nxe5 9. Bb5+ Nc6 10. Bd4 a6 11. Bxc6+ bxc6 12. O-O Nf6 13. Nd2 Be7 14. b4 Qc7 15. Rfe1 O-O 16. a3 Rfd8 17. Qe2 Qf4 18. Be5 Qg4 19. Nb3 Qxe2 20. Rxe2 Nd7 21. Bd4 Rac8 22. Na5 e5 23. Be3 Bf6 24. Rd1 Nf8 25. Bc1 Ne6 26. Bb2 Nf4 27. Ree1 e4 28. Nb7 Rf8 29. Re3 Nd3 30. Ba1 Bg5 31. Re2 f5 32. Nd6 Rcd8 33. Rc2 Rd7 34. c4 Bf4 35. cxd5 cxd5 36. b5 Bxd6 37. cxd6 Rxd6 38. Rc7 Rf7 39. Rc8+ Rf8 40. Rc7 Rf7 41. Rc8+ 1/2-1/2

[Event "European Amateur Chess-ch 2022"]
[Site "Zagreb"]
[Date "2022.08.15"]
[Round "2.25"]
[White "Starcevic, Danijel"]
[Black "Faukovic, Matija"]
[Result "1-0"]
[ECO "A25"]
[WhiteElo "1935"]
[BlackElo "2026"]
[Annotator "NA RC"]
[PlyCount "67"]
[EventDate "2022.08.14"]
[EventCountry "CRO"]
[SourceTitle "playchess.com"]
[Source "ChessBase"]
[SourceQuality "1"]
[TimeControl "40/5400+30:1800+30"]

1. c4 e5 2. g3 Nc6 3. Bg2 f5 4. Nc3 Nf6 5. e3 d5 6. cxd5 Nb4 7. d3 Nfxd5 8. Nxd5 Nxd5 9. Nf3 Bd6 10. O-O Be6 11. e4 fxe4 12. Ng5 Qd7 13. Bxe4 O-O-O 14. Nxe6 Qxe6 15. Qf3 Ne7 16. Bxb7+ Kd7 17. Bg5 Bc5 18. Rac1 Bd4 19. Bxe7 Kxe7 20. Rxc7+ Rd7 21. Bc8 Rxc7 22. Bxe6 Kxe6 23. Kg2 g6 24. Qg4+ Kf7 25. f4 Kg7 26. fxe5 Bxe5 27. Qe6 Bxb2 28. d4 Bxd4 29. Qd6 Rc2+ 30. Kh3 Bb2 31. Qe7+ Kh6 32. Rf7 Rc4 33. Qe3+ Kh5 34. Qe2+ 1-0